 Dungeon Crawl Stone Soup version 0.21.1-1-g345015f (webtiles) character file.

16 Goblin1989 the Vexing (level 2, 0/19 HPs)
             Began as a Demonspawn Enchanter on Mar 2, 2018.
             Slain by a hobgoblin
             ... wielding a +0 club
              (1 damage)
             ... on level 1 of the Dungeon.
             The game lasted 00:02:15 (897 turns).

Goblin1989 the Vexing (Demonspawn Enchanter)         Turns: 897, Time: 00:02:16

Health: 0/19       AC:  2    Str:  8    XL:     2   Next: 41%
Magic:  4/5        EV: 12    Int: 21    God:
Gold:   14         SH:  0    Dex: 13    Spells: 4/5 levels left

rFire    . . .     SeeInvis .   a - +1 dagger
rCold    . . .     Gourm    .   (no shield)
rNeg     . . .     Faith    .   b - +0 robe
rPois    .         Spirit   .   (no helmet)
rElec    .         Reflect  .   (no cloak)
rCorr    .         Harm     .   (no gloves)
MR       .....                  (no boots)
Stlth    ++........             (no amulet)
HPRegen  0.06/turn              (no ring)
MPRegen  0.09/turn              (no ring)

@: brilliant
A: talons 1
a: no special abilities


You were on level 1 of the Dungeon.
You were not hungry.

You visited 1 branch of the dungeon, and saw 1 of its levels.

You collected 14 gold pieces.

Inventory:

Hand Weapons
 a - a +1 dagger (weapon)
Armour
 b - a +0 robe (worn)
Scrolls
 f - a scroll of magic mapping {unknown}
Books
 c - a book of Maledictions

   Spells                             Type                      Level
   a - Corona                         Hexes                        1
   b - Ensorcelled Hibernation        Hexes/Ice                    2
   c - Confuse                        Hexes                        3
   d - Tukima's Dance                 Hexes                        3
   e - Dazzling Spray                 Conjuration/Hexes            3
Comestibles
 e - a ration
 g - 4 chunks of flesh


   Skills:
 + Level 0.1 Fighting
 * Level 2.1 Short Blades
 + Level 1.8 Dodging
 + Level 2.7 Stealth
 - Level 2.0 Spellcasting
 + Level 3.0 Hexes


You had 4 spell levels left.
You knew the following spells:

 Your Spells              Type           Power        Failure   Level  Hunger
a - Corona                Hex            ####...      1%          1    #......


Dungeon Overview and Level Annotations

Branches:
Dungeon (1/15)

Altars:


Innate Abilities, Weirdness & Mutations

You have sharp toenails.


Message History

No target in view!
No target in view!
No target in view!
No target in view!
No target in view!
No target in view!
No target in view!
h - a fuming sapphire potion Health restored: 19 A bat and 2 dart slugs come into view.
There are monsters nearby!
The helpless dart slug fails to defend itself.
You puncture the dart slug!
You kill the dart slug!
A hobgoblin comes into view. It is wielding a club.
The hobgoblin shouts!
The bat barely misses you.
You closely miss the bat. Your kick misses the bat. The bat misses you.
The bat misses you. The bat hits you but does no damage. The bat hits you.
You take 1 damage, and have 18/19 hp.
The bat barely misses you.
Health restored: 19 A giant cockroach comes into view.
The bat hits you.
You take 1 damage, and have 18/19 hp.
You hit the bat.
The bat is moderately wounded.
The bat barely misses you. The bat closely misses you.
The dart slug launches a dart at you. The slug dart hits you!
You take 6 damage, and have 12/19 hp.
MASSIVE DAMAGE!!
Casting: Corona
Confirm with . or Enter, or press ? or * to list all spells.
Aiming: Corona
Press: ? - help, Shift-Dir - straight line, f - dart slug
Aim: a dart slug (clinging, chance to defeat MR: 64%)
The dart slug is outlined in light.
The bat barely misses you.
You now have 4/5 mp.
You closely miss the bat.
The bat is moderately wounded.
The bat closely misses you. The bat hits you but does no damage.
You hit the bat.
You kill the bat!
The hobgoblin hits you with a club. The dart slug launches a dart at you.
The slug dart hits you!
* * * LOW HITPOINT WARNING * * *
You take 4 damage, and have 8/19 hp.
MASSIVE DAMAGE!!
You hit the dart slug.
The dart slug is lightly wounded.
The hobgoblin barely misses you. The dart slug barely misses you.
You hit the dart slug.
The dart slug is moderately wounded.
The hobgoblin hits you with a club.
* * * LOW HITPOINT WARNING * * *
Unknown command.
You take 3 damage, and have 5/19 hp.
You hit the dart slug. You claw the dart slug.
The dart slug is severely wounded.
The dart slug launches a dart at you. The slug dart hits you!
* * * LOW HITPOINT WARNING * * *
The hobgoblin barely misses you.
You take 3 damage, and have 2/19 hp.
The dart slug bites you but does no damage.
The dart slug stops glowing.
MP restored: 5 It was a potion of brilliance.
You feel clever all of a sudden.
Casting: Corona
Confirm with . or Enter, or press ? or * to list all spells.
Aiming: Corona
Press: ? - help, Shift-Dir - straight line, f/p - dart slug
Aim: a dart slug (severely wounded, clinging, chance to defeat MR: 81%)
The hobgoblin is outlined in light.
The hobgoblin barely misses you.
You now have 4/5 mp.
You hit the hobgoblin.
The hobgoblin is moderately wounded.
The hobgoblin hits you but does no damage.
You hit the hobgoblin but do no damage.
The hobgoblin is moderately wounded.
The hobgoblin closely misses you.
You hit the hobgoblin.
The hobgoblin is heavily wounded.
The hobgoblin hits you with a club.
* * * LOW HITPOINT WARNING * * *
You take 2 damage, and have 1/19 hp.
You hit the hobgoblin.
The hobgoblin is almost dead.
The hobgoblin misses you.
You barely miss the hobgoblin.
The hobgoblin is almost dead.
Unknown command.
You hit the hobgoblin but do no damage.
The hobgoblin is almost dead.
The hobgoblin hits you with a club.
You die... █.█ █....█ █... ██ █.█ █....█ █... █.. █.█ █....█ █... █... █.█ █....█ █... █...█████.█ █....█ ████ ........█.████...... .... .................... .... ........█.███....... .... ███████.█@█ ....... .... █.█g█ s....█ ████ █.█w█ .....█ ████

█.█.███....(██ █...
█............. .)█..
█████████.██████████
...█. ..........█
....█ ..........█
..... ..........█
..██.


You could see a dart slug and a hobgoblin.

Vanquished Creatures
  2 dart slugs (D:1)
  2 giant cockroaches (D:1)
  A goblin (D:1)
  2 hobgoblins (D:1)
  A bat (D:1)
  2 frilled lizards (D:1)
  A kobold (D:1)
  2 rats (D:1)
13 creatures vanquished.

Notes
Turn   | Place    | Note
-------+----------+-------------------------------------------
     0 | D:1      | Goblin1989 the Demonspawn Enchanter began the quest for the Orb.
     0 | D:1      | Reached XP level 1. HP: 13/13 MP: 3/3
    38 | D:1      | Reached skill level 1 in Short Blades
   469 | D:1      | Gained mutation: You have sharp toenails. [demonic ancestry]
   469 | D:1      | Reached XP level 2. HP: 6/19 MP: 3/5
   897 | D:1      | Slain by a hobgoblin

Skill      XL: |  1  2 |
---------------+-------+-----
Short Blades   | 1 2 |  2.1
Fighting       | |  0.1
Dodging        | |  1.8
Stealth        | |  2.7
Spellcasting   | |  2.0
Hexes          | |  3.0

Action                   || total
-------------------------++-------
Melee: Dagger            ||    59
       Kick              ||     2
 Cast: Corona            ||    10
  Use: Potion            ||     1
 Stab: Sleeping          ||     2
Armor: Robe              ||    10
Dodge: Dodged            ||    37

Vault maps used:
D:1:      dpeg_arrival_rooms_c, minivault_26, kennysheep_minor_cross
